 Dungeon Crawl Stone Soup version 0.27-a0-909-g0721f30 (webtiles) character file.

Game seed: 6214880272063323032

70 Nithhogg the Skirmisher (level 4, 0/35 HPs)
             Began as a Demonspawn Fighter on Apr 8, 2021.
             Slain by a gnoll
             ... wielding a +0 spear
              (5 damage)
             ... on level 2 of the Dungeon.
             The game lasted 00:02:04 (1719 turns).

Nithhogg the Skirmisher (Demonspawn Fighter)        Turns: 1719, Time: 00:02:05

Health: 0/35       AC:  6    Str: 18    XL:     4   Next: 4%
Magic:  4/4        EV:  7    Int:  9    God:
Gold:   55         SH:  9    Dex: 12    Spells: 3/3 levels left

rFire    . . .     SeeInvis .   a - +0 long sword
rCold    . . .     Faith    .   c - +0 kite shield
rNeg     . . .     Spirit   .   b - +0 scale mail
rPois    .         Reflect  .   (no helmet)
rElec    .         Harm     .   (no cloak)
rCorr    .         Rampage  .   (no gloves)
Will     .....                  (no boots)
Stlth    ..........             (no amulet)
HPRegen  0.11/turn              (no ring)
MPRegen  0.09/turn              (no ring)

@: no status effects
A: powered by pain 1, demonic magic 1
a: no special abilities


You were on level 2 of the Dungeon.
You visited 1 branch of the dungeon, and saw 2 of its levels.

You collected 55 gold pieces.

Inventory:

Hand Weapons
 a - a +0 long sword (weapon)
Armour
 b - a +0 scale mail (worn)
 c - a +0 kite shield (worn)
Scrolls
 e - 2 scrolls of identify {unknown}
 f - 2 scrolls of enchant weapon {unknown}
Potions
 d - a potion of might


   Skills:
 + Level 3.5 Fighting
 + Level 2.5 Long Blades
 + Level 3.2 Armour
 + Level 0.8 Dodging
 + Level 3.0 Shields


You had 3 spell levels left.
You didn't know any spells.
Your spell library contained the following spells:

 Spells                   Type           Power      Damage    Failure   Level
 Magic Dart               Conj           0%         1d3       99%         1
 Blink                    Tloc           N/A        N/A       100%        2
 Call Imp                 Summ           0%         N/A       100%        2
 Slow                     Hex            0%         N/A       100%        2
 Conjure Flame            Conj/Fire      0%         6-21      100%        3
 Mephitic Cloud           Conj/Pois/Air  0%         N/A       100%        3


Dungeon Overview and Level Annotations

Branches:
Dungeon (2/15)

Altars:
Fedhas

Shops:
D:2 *


Innate Abilities, Weirdness & Mutations

You sometimes gain a little power by taking damage.
Spells you cast may paralyse adjacent enemies.


Message History

The gnoll shouts!
The gnoll hits you but does no damage.
You hit the gnoll but do no damage. The gnoll barely misses you.
You block the gnoll's attack.
You hit the gnoll.
The gnoll is lightly wounded.
The gnoll hits you from afar with a +0 vorpal spear.
The gnoll closely misses you.
The gnoll hits you from afar with a +0 vorpal spear.
You block the gnoll's attack. x2
You closely miss the gnoll.
The gnoll is lightly wounded.
The gnoll hits you from afar with a +0 vorpal spear.
You block the gnoll's attack. The gnoll hits you but does no damage.
The gnoll hits you from afar with a +0 vorpal spear.
The gnoll hits you but does no damage.
You are too injured to fight recklessly!
You are too injured to fight recklessly!
You are too injured to fight recklessly!
You are too injured to fight recklessly!
You are too injured to fight recklessly!
You are too injured to fight recklessly!
You are too injured to fight recklessly!
You are too injured to fight recklessly!
You are too injured to fight recklessly!
You are too injured to fight recklessly!
You are too injured to fight recklessly!
You are too injured to fight recklessly!
You are too injured to fight recklessly!
You barely miss the gnoll.
The gnoll is lightly wounded.
You block the gnoll's attack. The gnoll hits you but does no damage.
The gnoll hits you with a +0 spear. You block the gnoll's attack.
The gnoll hits you but does no damage.
You barely miss the gnoll.
The gnoll is lightly wounded.
The gnoll hits you from afar with a +0 vorpal spear!
* * * LOW HITPOINT WARNING * * *
x2 The gnoll hits you with a +0 spear.
You die...

#.....# #.....# #.....#
#.... . #.....# #....#
# #.....# #....# #
#.... #....# #
####.######.#....# #
#......gg...#....# #
#.##..@g..#.#....######
#.#######.#.#.......÷..
#...^..#....#....######
######.#..###.)...[....
#...#.#...)....#....(.
#.#+#......###.#∩#####
#....##......#.#.# #
#............#.#.# #
#.....#...#..#.#.# #


You could see 3 gnolls.

Vanquished Creatures
  A gnoll (D:2)
  2 adders (D:2)
  A worm (D:2)
  3 dart slugs
  2 ball pythons (D:1)
  5 endoplasms
  A giant cockroach (D:1)
  4 hobgoblins
  5 jackals (D:1)
  2 quokkas (D:2)
  A bat (D:1)
  2 frilled lizards (D:1)
  A kobold (D:2)
  2 rats (D:1)
32 creatures vanquished.

Notes
Turn   | Place    | Note
-------+----------+-------------------------------------------
     0 | D:1      | Nithhogg the Demonspawn Fighter began the quest for the
                  | Orb.
     0 | D:1      | Reached XP level 1. HP: 18/18 MP: 1/1
   398 | D:1      | Gained mutation: Spells you cast may paralyse adjacent
                  | enemies. [demonic ancestry]
   398 | D:1      | Reached XP level 2. HP: 21/24 MP: 2/2
   441 | D:1      | Found a faded altar of an unknown god.
   953 | D:2      | Found a blossoming altar of Fedhas.
  1099 | D:2      | Reached XP level 3. HP: 29/29 MP: 3/3
  1137 | D:2      | Found Xotariq's General Store.
  1565 | D:2      | Gained mutation: You sometimes gain a little power by
                  | taking damage. [demonic ancestry]
  1565 | D:2      | Reached XP level 4. HP: 25/35 MP: 4/4
  1719 | D:2      | Slain by a gnoll

Illustrated notes

Levels and vault maps discovered:
D:1:      lemuel_arrival_broad_hall, layout_basic,
          chequers_ecumenical_altar_simple, hangedman_decor_growths,
          hex_intersection
D:2:      layout_basic, basic_altar, serial_shops, shop

Skill      XL: |  1  2  3 |
---------------+----------+-----
Long Blades    | 2 |  2.5
Armour         | 3 |  3.2
Shields        | 3 |  3.0
Fighting       | |  3.5
Dodging        | |  0.8

Action                   |  1- 3 |  4- 6 || total
-------------------------+-------+-------++-------
Melee: Long sword        |   107 |     5 ||   112
Armor: Scale mail        |    41 |     5 ||    46
Dodge: Dodged            |    30 |     2 ||    32
Block: Kite shield       |    60 |     6 ||    66
       Rpst.: Long sword |     9 |       ||     9

Table legend: (Time is in decaauts)
 A = Elapsed time spent in this place.
 B = Non-inter-level travel time spent in this place.
 C = Inter-level travel time spent in this place.
 D = Time resting spent in this place.
 E = Time spent auto-exploring this place.
 F = Levels seen in this place.
 G = Mean time per level.
                   A        B        C        D        E       F      G
               +--------+--------+--------+--------+--------+-----+--------+
         Total |   1779 |   1755 |     24 |      0 |   1473 |   2 |  889.5 |
       Dungeon |   1779 |   1755 |     24 |      0 |   1473 |   2 |  889.5 |
               +--------+--------+--------+--------+--------+-----+--------+

Top non-repeatable levels by time:
     D:1: 989 daAuts
     D:2: 790 daAuts
